 Dungeon Crawl Stone Soup version 0.28-a0-1415-g7c84da036a (webtiles) character file.

Game seed: 9985134088139405504

35 zap2161 the Ducker (level 3, -5/22 HPs)
             Began as a Kobold Wanderer on Jan 7, 2022.
             Slain by an iguana (8 damage)
             ... on level 2 of the Dungeon.
             The game lasted 00:06:52 (720 turns).

zap2161 the Ducker (Kobold Wanderer)                 Turns: 720, Time: 00:06:52

Health: -5/22      AC:  5    Str:  8    XL:     3   Next: 52%
Magic:  6/6        EV: 16    Int: 12    God:
Gold:   42         SH:  0    Dex: 18    Spells: 5/6 levels left

rFire   . . .      SeeInvis .   l - +2 dagger (drain)
rCold   . . .      Faith    .   (no shield)
rNeg    . . .      Spirit   .   c - +2 leather armour
rPois   .          Reflect  .   (no helmet)
rElec   .          Harm     .   (no cloak)
rCorr   .          Rampage  .   (no gloves)
Will    .....                   (no boots)
Stlth   +++.......              (no amulet)
HPRegen 0.07/turn               (no ring)
MPRegen 0.10/turn               (no ring)

@: about to teleport
A: small, no large weapons, nightstalker 3
a: no special abilities


You were on level 2 of the Dungeon.
You visited 1 branch of the dungeon, and saw 2 of its levels.

You collected 42 gold pieces.

Inventory:

Hand Weapons
 a - a +0 dagger
 e - a +1 vampiric dagger
 l - a +2 dagger of draining (weapon)
Missiles
 f - 32 stones
Armour
 c - a +2 leather armour (worn)
Scrolls
 b - a scroll of teleportation
 g - a scroll of magic mapping {unknown}
 h - a scroll of identify
 i - a scroll of enchant armour {unknown}
 j - a scroll of amnesia {unknown}
 k - a scroll of fog {unknown}
 n - a scroll of torment {unknown}
Potions
 d - a potion of lignification
 m - a potion of invisibility {unknown}


   Skills:
 * Level 2.4 Fighting
 * Level 1.3 Short Blades
 * Level 0.3 Armour
 * Level 5.3 Dodging
 * Level 1.3 Stealth
 * Level 2.3 Spellcasting
 * Level 2.1 Hexes


You had 5 spell levels left.
You knew the following spells:

 Your Spells              Type           Power      Damage    Failure   Level
a - Slow                  Hex            24%        N/A       16%         1

Your spell library contained the following spells:

 Spells                   Type           Power      Damage    Failure   Level
 Summon Guardian Golem    Hex/Summ       3%         N/A       58%         3
 Blade Hands              Tmut           0%         N/A       100%        5
 Irradiate                Conj/Tmut      0%         3d14      100%        5
 Dragon Form              Tmut           0%         N/A       100%        7


Dungeon Overview and Level Annotations

Branches:
Dungeon (2/15)

Altars:


Innate Abilities, Weirdness & Mutations

You are small and have problems with some larger weapons.
You are completely attuned to the shadows.


Message History

A rat comes into view.
There is an open door here.
You catch the helpless rat completely off-guard!
You puncture the rat!
You kill the rat!
A dart slug comes into view.
The helpless dart slug fails to defend itself.
You puncture the dart slug!
You kill the dart slug!
You see here a dart slug corpse.
A goblin comes into view. It is wielding a +0 dagger.
There is an open door here.
Found 15 gold pieces.
An iguana comes into view.
Found a stone staircase leading down.
You see here 15 gold pieces.
You now have 42 gold pieces (gained 15).
There is a stone staircase leading down here.
Found a sapphire potion.
The iguana hisses angrily.
The iguana bites you.
You hit the iguana but do no damage. The iguana bites you!
Ouch! That really hurt!
Casting: Slow (safe; 16% risk of failure)
Confirm with . or Enter, or press ? or * to list all spells.
Aiming: Slow (safe; 16% risk of failure)
Press: ? - help, Shift-Dir - straight line, f - iguana
Aim: an iguana (chance to affect: 51%)
Okay, then.
Casting: Slow (safe; 16% risk of failure)
Confirm with . or Enter, or press ? or * to list all spells.
Okay, then.
Okay, then.
You hit the iguana.
The iguana is lightly wounded.
The iguana bites you.
* * * LOW HITPOINT WARNING * * *
As you read the scroll of teleportation, it crumbles to dust.
You feel strangely unstable. The iguana bites you!
You die...

. #g#
#.#.#
#.#'####
#.......
#.......
##......
#..###.
#..####
##>l@.#
####.#
.!. ####


You could see an iguana.

Vanquished Creatures
  An adder (D:2)
  A dart slug (D:2)
  A ball python (D:1)
  2 bats
  A giant cockroach (D:1)
  2 hobgoblins (D:1)
  4 jackals (D:1)
  A quokka (D:1)
  3 frilled lizards
  2 goblins
  2 kobolds (D:1)
  2 rats
22 creatures vanquished.

Notes
Turn   | Place    | Note
-------+----------+-------------------------------------------
     0 | D:1      | zap2161 the Kobold Wanderer began the quest for the Orb.
     0 | D:1      | zap2161 set off with the following items: a +0 dagger, a
                  | scroll of teleportation, a +2 leather armour; and the
                  | following spell memorised: Slow; and the following spells
                  | available to memorise: Summon Guardian Golem
     0 | D:1      | Reached XP level 1. HP: 12/12 MP: 3/3
   179 | D:1      | Reached skill level 5 in Dodging
   185 | D:1      | Reached XP level 2. HP: 17/17 MP: 5/5
   382 | D:1      | Reached skill level 1 in Short Blades
   442 | D:1      | Reached skill level 1 in Stealth
   645 | D:2      | Reached XP level 3. HP: 20/22 MP: 6/6
   720 | D:2      | Slain by an iguana

Illustrated notes

Levels and vault maps discovered:
D:1:      minmay_arrival_three_doors, layout_rooms, minmay_ruptured
D:2:      layout_basic, uniq_natasha

Skill      XL: |  1  2 |
---------------+-------+-----
Dodging        | 5 |  5.3
Short Blades   | 1 |  1.3
Stealth        | 1 |  1.3
Fighting       | |  2.4
Armour         | |  0.3
Spellcasting   | |  2.3
Hexes          | |  2.1

Action                   || total
-------------------------++-------
Melee: Dagger            ||   120
       Punch             ||     1
  Use: Scroll            ||     2
 Stab: Sleeping          ||     5
       Distracted        ||     1
Armor: Leather armour    ||    34
Dodge: Dodged            ||    94

Table legend: (Time is in decaauts)
 A = Elapsed time spent in this place.
 B = Non-inter-level travel time spent in this place.
 C = Inter-level travel time spent in this place.
 D = Time resting spent in this place.
 E = Time spent auto-exploring this place.
 F = Levels seen in this place.
 G = Mean time per level.
                   A        B        C        D        E       F      G
               +--------+--------+--------+--------+--------+-----+--------+
         Total |    717 |    717 |      0 |      0 |      0 |   2 |  358.5 |
       Dungeon |    717 |    717 |      0 |      0 |      0 |   2 |  358.5 |
               +--------+--------+--------+--------+--------+-----+--------+

Top non-repeatable levels by time:
     D:1: 595 daAuts
     D:2: 122 daAuts
